 Dungeon Crawl Stone Soup version 0.16-a0-3326-gb44eaf1 (webtiles) character file.

99046 Miyamura the Nimble (level 15, -9/78 HPs)
             Began as a Spriggan Enchanter on Dec 27, 2014.
             Was the Champion of Sif Muna.
             Killed from afar by Nikola (21 damage)
             ... with a chain lightning
             ... on level 1 of the Spider Nest.
             The game lasted 02:37:47 (37418 turns).

Miyamura the Nimble (Spriggan Enchanter)           Turns: 37418, Time: 02:37:47

Health: -9/78      AC: 10    Str:  6    XL:     15   Next: 76%
Magic:  34/37      EV: 31    Int: 20    God:    Sif Muna [******]
Gold:   2489       SH: 12    Dex: 18    Spells: 9 memorised, 9 levels left

rFire  + . .     SeeInvis +     H - +2 dagger (protect)
rCold  + . .     Clarity  .     c - +1 robe of the Beggar {rF+ rCorr Stlth+}
rNeg   + . .     SustAb   .     y - +3 buckler {reflect}
rPois  +         Gourm    .     (helmet restricted)
rElec  .         Spirit   .     f - +1 cloak
rCorr  +         Warding  +     (gloves unavailable)
rMut   .         Stasis   .     (boots unavailable)
MR     ++...                    h - amulet of warding
Stlth  ++++++++..               S - ring of protection from cold
                                r - ring of poison resistance

@: about to teleport, repel missiles, very quick, very resistant to hostile
enchantments, extraordinarily stealthy
A: unfitting armour, see invisible, herbivore 3, speed 3, slow metabolism 2
a: Channel Energy, Forget Spell, Renounce Religion


You were on level 1 of the Spider Nest.
You worshipped Sif Muna.
Sif Muna was exalted by your worship.
You were not hungry.

You visited 4 branches of the dungeon, and saw 28 of its levels.
You also visited: Sewer and Ice Cave.

You collected 3554 gold pieces.
You spent 1065 gold pieces at shops.

Inventory:

Hand weapons
 H - a +2 dagger of protection (weapon)
Armour
 c - the +1 robe of the Beggar (worn) {rF+ rCorr Stlth+}
   (You bought it in a shop on level 4 of the Orcish Mines)

   It protects you from fire.
   It protects you from acid and corrosion.
   It makes you more stealthy.
 f - a +1 cloak (worn)
 y - a +3 buckler of reflection (worn)
Rods
 z - a +0 rod of ignition (12/12)
   (You found it on level 7 of the Dungeon)
Jewellery
 h - an amulet of warding (around neck)
 r - a ring of poison resistance (left hand)
 u - an uncursed ring of protection from fire
 S - a ring of protection from cold (right hand)
Magical devices
 G - a wand of disintegration (3)
 M - a wand of cold (3)
 P - a wand of random effects (26)
 W - a wand of digging (4)
Scrolls
 e - 17 scrolls of remove curse
 g - 4 scrolls of recharging
 s - 2 scrolls of silence
 t - 3 scrolls of amnesia
 x - 9 scrolls of teleportation
 C - a scroll of enchant armour
 U - a scroll of fear
 Z - a scroll of magic mapping
Potions
 a - 4 potions of restore abilities
 b - 3 potions of degeneration {unknown}
 i - 3 potions of cancellation
 j - 7 potions of might
 k - 3 potions of resistance
 l - 5 potions of agility
 m - 2 potions of haste
 o - 10 potions of curing
 p - 2 potions of flight
 v - 3 potions of brilliance
 w - 4 potions of heal wounds
 J - 4 potions of magic
 Q - 2 potions of mutation {unknown}
 Y - 2 potions of cure mutation {unknown}
Comestibles
 d - 6 bread rations
 B - 4 slices of pizza
 I - 11 fruits


   Skills:
 + Level 8.8 Fighting
 - Level 10.0 Short Blades
 + Level 14.4 Dodging
 - Level 14.0 Stealth
 - Level 10.0 Shields
 + Level 12.5 Spellcasting
 - Level 11.0 Hexes
 - Level 7.1 Charms
 - Level 1.8 Necromancy
 + Level 8.1 Translocations
 + Level 4.3 Air Magic
 - Level 8.9 Evocations


You had 9 spell levels left.
You knew the following spells:

 Your Spells              Type           Power        Failure   Level  Hunger
b - Blink                 Tloc           N/A          1%          2    None
c - Confuse               Hex            ######..     1%          3    None
d - Flight                Chrm/Air       #####.....   1%          3    None
e - Ensorcelled Hibernat  Hex/Ice        ####..       1%          2    None
f - Repel Missiles        Chrm/Air       #####.       1%          2    None
g - Singularity           Tloc           #####.....   100%        9    #######
h - Airstrike             Air            ####......   12%         4    None
r - Regeneration          Chrm/Necr      ####......   2%          3    None
s - Shroud of Golubria    Chrm/Tloc      #####.....   1%          2    None


Dungeon Overview and Level Annotations

Branches:
Dungeon (15/15) Temple (0/1) D:6 Lair (8/8) D:11 Shoals (0/5) Lair:6 Spider (1/5) Lair:4 Slime (0/6) Lair:8 Orc (4/4) D:11 Elf (0/3) Orc:3 Vaults (0/5) D:12 D:13 Depths: D:15

Altars:
Ashenzari
Cheibriados
Elyvilon
Fedhas
Kikubaaqudgha
Nemelex Xobeh
Okawaru
Sif Muna
Trog
Xom
Zin
The Shining One
Beogh

Shops:
D:7 (   D:9 [   D:11 *   Orc:4 *[(:

Annotations:
D:5 Blork the orc
D:6 runed door
D:8 exclusion: oklob sapling
D:10 exclusion: ice statue
D:13 Norris
D:14 exclusion: obsidian statue
D:15 Frances
Lair:8 runed door
Spider:1 Nikola


Innate Abilities, Weirdness & Mutations

You are tiny and cannot use many weapons and most armour.
You have supernaturally acute eyesight.
You are a herbivore.
You cover ground extremely quickly.
You need consume almost no food.


Message History

Nikola blinks!
Read which item? (? for menu, Esc to quit)
As you read the scroll of teleportation, it crumbles to dust.
You feel strangely unstable. You block the wolf spider's attack.
You block the wolf spider's attack. The wolf spider barely misses you.
The wolf spider closely misses you.
Casting: Confuse
Confirm with . or Enter, or press ? or * to list all spells.
Aiming: Confuse
Press: ? - help, Shift-Dir - straight line, f - wolf spider
Aim: a wolf spider (chance 75%)
The wolf spider appears confused.
Nikola gestures wildly while chanting.
You hear a mighty clap of thunder!
The lightning arc hits you!
Ouch! That really hurt!
The lightning arc hits Nikola.
Nikola resists.
The lightning arc hits you!
* * * LOW HITPOINT WARNING * * *
The lightning arc hits the wolf spider.
The lightning arc hits you!
You die...

### ##.## .
#...###.. #.......
##...... #.....#
#### #.....####..##
##@@s###.....###
#^....#...#....##
#.........##...†##
#..........##..†.##
#...........#...^.#
#.....###..####..##
#...... #### #..#
#....... ###..#
###..... ##...##


You could see Nikola and a wolf spider (confused).

Vanquished Creatures
  Rupert (D:12)
  A frost giant (D:14)
  Maud (Lair:5)
  An orc warlord (Orc:4)
  The ghost of Miyamura the Mender, a powerful HOHe of Elyvilon (D:11)
  Azrael (D:15)
  Josephine (Orc:4)
  2 fire dragons (Lair:8)
  7 hydras
  A rakshasa (D:15)
  2 centaur warriors
  3 death yaks (Lair:8)
  2 tengu warriors (D:15)
  4 orc high priests
  Urug (Spider:1)
  A fire crab (Lair:7)
  Nergalle (Orc:4)
  An unseen horror (D:13)
  An ice statue (IceCv)
  Pikel (D:5)
  6 hill giants
  6 orc knights
  A wizard (D:15)
  An orb spider (Spider:1)
  6 lindwurms
  4 ugly things
  2 manticores
  2 griffons
  2 wolf spiders (Spider:1)
  A cyclops (D:13)
  An elephant (shapeshifter) (D:12)
  3 elephants (Lair:7)
  4 black mambas
  Joseph (Orc:3)
  18 spiny frogs
  6 torpor snails (Lair:8)
  Psyche (D:11)
  10 komodo dragons
  4 fire drakes
  A demonic crawler (Spider:1)
  An efreet (D:13)
  A freezing wraith (D:12)
  A wolf spider simulacrum (D:15)
  2 tengu conjurers
  A yaktaur (D:14)
  2 two-headed ogres
  A polar bear (Lair:6)
  3 wandering mushrooms (D:8)
  A harpy zombie (D:15)
  3 jumping spiders (Spider:1)
  5 trolls
  Grinder (D:4)
  A red wasp zombie (D:15)
  A basilisk (Lair:6)
  2 giant leeches (Lair:8)
  7 slime creatures
  8 ravens
  2 centaur simulacra
  13 blink frogs
  3 redbacks (Spider:1)
  2 shadows
  47 yaks
  A spriggan (Lair:1)
  3 trapdoor spiders
  A fire elemental (D:15)
  3 wyverns
  8 hippogriffs
  9 deep elf magi
  2 tarantellas (Spider:1)
  A vampire (D:15)
  3 wraiths
  2 steam dragons
  Grum (D:11)
  16 humans
  5 hungry ghosts
  5 wargs
  24 wolves
  12 water moccasins
  A mottled dragon (Lair:8)
  2 black bears
  2 spiders (Spider:1)
  2 eyes of draining (D:13)
  4 hell hounds (D:15)
  18 ice beasts
  4 sky beasts
  24 orc warriors
  8 porcupines
  2 swamp drakes (Lair:8)
  A necrophage (D:10)
  4 slaves (D:5)
  4 yellow wasps
  8 ogres
  2 centaurs
  2 boring beetles
  18 crocodiles
  Sigmund (D:5)
  Duvessa (D:5)
  7 big kobolds
  6 brain worms
  17 giant frogs
  2 water moccasin zombies
  A wyvern skeleton (D:8)
  10 wights
  4 scorpions
  17 killer bees
  2 electric eels
  A yellow wasp zombie (D:10)
  3 centaur zombies
  2 goliath beetles
  Dowan (D:5)
  8 crimson imps
  3 giant frog zombies
  3 jellies
  2 quasits
  19 iguanas
  19 orc priests
  9 hounds
  3 centaur skeletons
  2 giant frog skeletons
  2 hell rats (Lair:1)
  12 worker ants
  2 iron imps (D:14)
  27 orc wizards
  19 sheep
  A hound zombie (D:7)
  A mummy (D:10)
  A worker ant zombie (D:10)
  19 adders
  3 gnolls (D:6)
  57 river rats
  4 shadow imps
  A giant mite (D:1)
  19 worms
  3 adder skeletons
  6 giant geckos
  4 oozes
  141 orcs
  19 bats
  A bat skeleton (D:5)
  5 giant cockroaches
  20 hobgoblins
  10 jackals
  16 quokkas
  4 ball pythons
  A giant gecko skeleton (D:4)
  5 giant newts
  A giant spore (D:14)
  21 goblins
  A hobgoblin zombie (Orc:4)
  A jackal zombie (D:11)
  35 kobolds
  An orc simulacrum (Orc:4)
  3 orc skeletons (Orc:4)
  2 orc zombies (Orc:4)
  2 quokka skeletons
  29 rats
  2 ballistomycetes (D:14)
  A butterfly (Lair:3)
  A fungus (Lair:7)
  3 plants
1073 creatures vanquished.

Vanquished Creatures (collateral kills)
  An ice statue (IceCv)
  An adder zombie (D:7)
2 creatures vanquished.

Vanquished Creatures (others)
  A centaur (D:13)
  2 orcs
  3 fungi
  5 plants
11 creatures vanquished.

Grand Total: 1086 creatures vanquished

Notes
Turn   | Place    | Note
--------------------------------------------------------------
     0 | D:1      | Miyamura, the Spriggan Enchanter, began the quest for the Orb.
     0 | D:1      | Reached XP level 1. HP: 9/9 MP: 4/4
    90 | D:1      | Reached XP level 2. HP: 9/14 MP: 7/7
   284 | D:1      | Learned a level 2 spell: Ensorcelled Hibernation
  1495 | D:2      | Reached XP level 3. HP: 15/17 MP: 5/11
  1497 | D:2      | Found a deep blue altar of Sif Muna.
  1648 | D:2      | Reached skill level 5 in Stealth
  1967 | D:2      | Became a worshipper of Sif Muna the Loreminder
  2262 | D:3      | Found a glowing golden altar of the Shining One.
  2518 | D:3      | Reached XP level 4. HP: 19/21 MP: 10/13
  2550 | D:3      | Reached skill level 1 in Fighting
  2916 | D:4      | Noticed an ogre
  2965 | D:4      | Learned a level 3 spell: Confuse
  2969 | D:4      | Killed an ogre
  2969 | D:4      | Reached XP level 5. HP: 4/25 MP: 2/17
  3291 | D:4      | Noticed Grinder
  3309 | D:4      | Killed Grinder
  3309 | D:4      | Reached skill level 6 in Stealth
  3309 | D:4      | Reached skill level 5 in Hexes
  3309 | D:4      | Reached XP level 6. HP: 28/30 MP: 12/20
  3401 | D:4      | Acquired Sif Muna's first power
  3641 | D:4      | Reached skill level 5 in Dodging
  3643 | D:4      | Reached XP level 7. HP: 35/35 MP: 16/21
  4206 | D:5      | Entered Level 5 of the Dungeon
  4221 | D:5      | Found a shattered altar of Ashenzari.
  4222 | D:5      | Noticed Blork the orc
  4222 | D:5      | Noticed Pikel
  4229 | D:5      | Found a snail-covered altar of Cheibriados.
  4409 | D:5      | Reached skill level 7 in Stealth
  4420 | D:5      | Found a glowing drain.
  4433 | Sewer    | Entered a sewer
  4651 | Sewer    | Reached skill level 5 in Spellcasting
  5261 | Sewer    | Reached XP level 8. HP: 36/39 MP: 11/24
  5627 | D:5      | Noticed Sigmund
  5645 | D:5      | Killed Sigmund
  5888 | D:5      | Found a white marble altar of Elyvilon.
  5959 | D:5      | Noticed Duvessa
  5959 | D:5      | Noticed Dowan
  5962 | D:5      | Killed Dowan
  6016 | D:5      | Killed Duvessa
  6322 | D:5      | Killed Pikel
  6322 | D:5      | Acquired Sif Muna's second power
  6322 | D:5      | Reached skill level 5 in Short Blades
  6322 | D:5      | Reached skill level 8 in Stealth
  6451 | D:5      | Reached XP level 9. HP: 45/45 MP: 23/27
  7520 | D:6      | Found a bloodstained altar of Trog.
  7700 | D:6      | Reached skill level 9 in Stealth
  7910 | D:6      | Found a staircase to the Ecumenical Temple.
  7947 | D:6      | You fall through a shaft for 2 floors!
  8277 | D:6      | Found a runed door.
  8489 | D:7      | Identified a +0 rod of ignition (12/12) (You found it on level 7 of the Dungeon)
  8496 | D:7      | Found a sparkling altar of Nemelex Xobeh.
  8927 | D:7      | Found Keyh's Weapon Shop.
  8947 | D:7      | Identified a scroll of acquirement
  8979 | D:7      | Found an iron altar of Okawaru.
  8980 | D:7      | Found a shimmering altar of Xom.
  9225 | D:8      | Found a snail-covered altar of Cheibriados.
  9228 | D:8      | Found a glowing silver altar of Zin.
  9488 | D:8      | Found a snail-covered altar of Cheibriados.
  9609 | D:8      | Reached skill level 10 in Stealth
  9686 | D:8      | Reached skill level 1 in Evocations
  9710 | D:8      | Reached XP level 10. HP: 25/51 MP: 3/29
 10044 | D:8      | Found a blossoming altar of Fedhas.
 10136 | D:8      | Reached skill level 5 in Fighting
 10136 | D:8      | Reached skill level 1 in Shields
 10139 | D:8      | Found a blossoming altar of Fedhas.
 10566 | D:9      | Found Agholoar's Antique Armour Shoppe.
 11228 | D:10     | Entered Level 10 of the Dungeon
 11641 | D:10     | Reached skill level 11 in Stealth
 11871 | D:10     | Noticed an ice statue
 11990 | D:10     | Noticed a hill giant
 12012 | D:10     | Killed a hill giant
 12012 | D:10     | Reached skill level 10 in Dodging
 12012 | D:10     | Reached XP level 11. HP: 56/56 MP: 15/31
 12416 | D:10     | Noticed a centaur warrior
 12451 | D:10     | Killed a centaur warrior
 12451 | D:10     | Reached skill level 5 in Evocations
 12934 | D:11     | Noticed a hill giant
 13405 | D:12     | Learned a level 3 spell: Flight
 13498 | D:12     | Noticed a hill giant
 13538 | D:12     | Killed a hill giant
 14003 | D:12     | Reached skill level 12 in Stealth
 14545 | D:11     | Found a staircase to the Orcish Mines.
 14595 | D:11     | Noticed Miyamura's ghost (powerful HOHe)
 14841 | D:10     | Killed a hill giant
 14841 | D:10     | Reached skill level 10 in Hexes
 14841 | D:10     | Reached XP level 12. HP: 53/61 MP: 23/32
 14906 | D:11     | Noticed Grum
 15276 | D:11     | Killed Grum
 15697 | D:11     | Found Masunail's Elemental Accessories.
 15699 | D:11     | Noticed Psyche
 15707 | D:11     | Killed Psyche
 15784 | D:11     | Killed Miyamura's ghost
 15828 | D:11     | Found a staircase to the Lair.
 16037 | Lair:1   | Entered Level 1 of the Lair of Beasts
 16250 | Lair:1   | Acquired Sif Muna's third power
 17189 | Lair:2   | Reached skill level 13 in Stealth
 17879 | Lair:3   | Found an ancient bone altar of Kikubaaqudgha.
 17937 | Lair:2   | Reached skill level 10 in Spellcasting
 19312 | Lair:4   | Found a hole to the Spider Nest.
 19630 | Lair:4   | Noticed a four-headed hydra
 19635 | Lair:4   | Killed a four-headed hydra
 19635 | Lair:4   | Reached XP level 13. HP: 66/66 MP: 34/34
 19672 | Lair:4   | Found a glowing golden altar of the Shining One.
 19699 | Lair:4   | Noticed a five-headed hydra
 19735 | Lair:4   | Killed a five-headed hydra
 19735 | Lair:4   | Reached skill level 1 in Charms
 20336 | Lair:5   | Learned a level 2 spell: Blink
 20487 | Lair:5   | Noticed Maud
 20523 | Lair:5   | Killed Maud
 20523 | Lair:5   | Reached skill level 1 in Translocations
 20523 | Lair:5   | Reached skill level 1 in Air Magic
 21824 | Lair:6   | Found a staircase to the Shoals.
 22454 | Lair:6   | Reached skill level 5 in Shields
 22603 | Lair:7   | Reached skill level 10 in Short Blades
 23646 | Lair:7   | Learned a level 3 spell: Regeneration
 23847 | Lair:7   | Reached skill level 5 in Charms
 24357 | Lair:7   | Reached XP level 14. HP: 72/72 MP: 33/36
 24414 | Lair:8   | Entered Level 8 of the Lair of Beasts
 24579 | Lair:8   | Found a frozen archway.
 24610 | Lair:8   | Reached skill level 5 in Translocations
 24644 | IceCv    | Entered an ice cave
 24705 | IceCv    | Got a shimmering hand crossbow
 24706 | IceCv    | Identified the cursed +0 hand crossbow of Exoneration {flame, Int+3 Dex+3} (You found it in an ice cave)
 24793 | Lair:8   | Found a staircase to the Slime Pits.
 24934 | Lair:8   | Received a gift from Sif Muna
 25090 | Lair:8   | Identified Sif Muna's Incunabulum of the Compass (Sif Muna gifted it to you on level 8 of the Lair of Beasts)
 25102 | Lair:8   | Learned a level 9 spell: Singularity
 25217 | Lair:8   | Found a runed door.
 25530 | Lair:8   | Reached skill level 1 in Necromancy
 27302 | Orc:1    | Entered Level 1 of the Orcish Mines
 27583 | Orc:1    | Found a roughly hewn altar of Beogh.
 27925 | Orc:1    | Found a roughly hewn altar of Beogh.
 28590 | Orc:3    | Noticed Joseph
 28641 | Orc:3    | Killed Joseph
 28852 | Orc:3    | Found a staircase to the Elven Halls.
 29884 | Orc:4    | Entered Level 4 of the Orcish Mines
 29884 | Orc:4    | Found Luojuy's Book Emporium.
 30392 | Orc:4    | Noticed Josephine
 30396 | Orc:4    | Found Saan Cla's Antique Armour Shop.
 30400 | Orc:4    | Killed Josephine
 30427 | Orc:4    | Found a roughly hewn altar of Beogh.
 30686 | Orc:4    | Bought a twisted robe for 142 gold pieces
 30696 | Orc:4    | Identified the cursed +1 robe of the Beggar {rF+ rCorr Stlth+} (You bought it in a shop on level 4 of the Orcish Mines)
 30748 | Orc:4    | Noticed an orc warlord
 30749 | Orc:4    | Found Kedghagaa's Antique Weapon Emporium.
 30758 | Orc:4    | Noticed Nergalle
 31490 | Orc:4    | Found Sewuraot's General Store.
 31800 | D:11     | Bought the Catalogue of Excruciating Weightlessness for 923 gold pieces
 31803 | D:11     | Learned a level 2 spell: Repel Missiles
 31809 | D:11     | Learned a level 4 spell: Airstrike
 32063 | Orc:4    | Killed Nergalle
 32363 | Orc:4    | Killed an orc warlord
 32363 | Orc:4    | Reached XP level 15. HP: 67/78 MP: 18/37
 32523 | D:13     | Found a gate to the Vaults.
 32523 | D:13     | Noticed Norris
 32523 | D:13     | Noticed Rupert
 33263 | D:14     | Noticed a hill giant
 33273 | D:14     | Killed a hill giant
 34100 | D:12     | Killed Rupert
 35231 | D:14     | Reached skill level 10 in Shields
 35248 | D:15     | Entered Level 15 of the Dungeon
 35714 | D:15     | Reached skill level 14 in Dodging
 36036 | D:15     | Noticed Frances
 36365 | D:15     | Noticed Azrael
 36385 | D:15     | Killed Azrael
 36892 | Lair:1   | Learned a level 2 spell: Shroud of Golubria
 36970 | Spider:1 | Entered Level 1 of the Spider Nest
 37297 | Spider:1 | Noticed Urug
 37308 | Spider:1 | Killed Urug
 37414 | Spider:1 | Noticed Nikola
 37418 | Spider:1 | Killed from afar by Nikola

Action                   |  1- 3 |  4- 6 |  7- 9 | 10-12 | 13-15 || total
-------------------------+-------+-------+-------+-------+-------++-------
Melee: Dagger            |   103 |    71 |   537 |  1022 |  2650 ||  4383
 Cast: Ensorcelled Hiber |    13 |    16 |    97 |    83 |     6 ||   215
       Corona            |     1 |       |       |       |       ||     1
       Confuse           |       |    13 |    42 |   201 |   477 ||   733
       Blink             |       |       |       |       |     8 ||     8
       Flight            |       |       |       |       |     5 ||     5
       Regeneration      |       |       |       |       |    33 ||    33
       Repel Missiles    |       |       |       |       |     2 ||     2
       Airstrike         |       |       |       |       |     3 ||     3
Evoke: Wand              |       |       |       |       |    18 ||    18
       Sack of spiders   |       |       |       |       |     1 ||     1
  Use: Scroll            |       |       |    14 |    10 |    25 ||    49
       Potion            |       |       |     4 |     5 |     7 ||    16
 Stab: Sleeping          |    21 |    18 |    84 |    88 |   114 ||   325
       Distracted        |     2 |     1 |     1 |       |     2 ||     6
       Confused          |       |     5 |    28 |   147 |   326 ||   506
       Invisible         |       |       |       |       |    18 ||    18
  Eat: Bread ration      |       |     1 |     1 |       |       ||     2
       Fruit             |       |       |       |     8 |    22 ||    30
       Royal jelly       |       |       |       |       |     1 ||     1
